Unix NetHack Version 3.7.0-86 Work-in-progress - last build May 30 2023 11:53:40 (cc98dc9aa62a9957b082a042edf5bd7ec9f632c7,branch:master). Game began 2023-06-19 08:38:26, ended 2023-06-24 04:26:36. Grasshopper, neutral male human Wizard --------- |...)...| ----- |[T.D[..| ...| |..H@a.A| ---------..-- ----- |q.A@..R| |.......|...-- --..... | |../.$[.| | |.......|....---.......D |. ----+---- .| D |..._...-).)..-......... |[)..[..N@..$.| & @ |.[@....|).).---......... ---..))%.A..--- t |.......|)!.-- --..!.... -----|----- ---------[.-- ----_--- -.......-- .)..| ---..[------- .........- ------ ............| )..).$.... ....&.....(.--.)....$..- D ......[......--.../...-- .............----|---- ...................... --------------------- Grasshopper the Mage St:18/** Dx:23 Co:18 In:23 Wi:23 Ch:18 Neutral S:1543900 Astral Plane $:0 HP:439(439) Pw:492(506) AC:-50 Xp:30/107598198 Satiated T:70174 Latest messages: The purple worm bites the purple worm. The purple worm bites the purple worm. You hear some noises. You hear some noises in the distance. You feel the amulet draining your energy away. Where do you want to jump? (For instructions type a '?') There is a high altar to Thoth (neutral) here. You feel the amulet draining your energy away. In what direction? 2 The door swings shut, and locks! What do you want to use or apply? [ci-mqs-uAJMPUX or ?*] q You produce a strange whistling sound. Many creatures shift locations. The purple worm drops a wand of sleep. The purple worm drops 20 gold pieces. The purple worm drops a potion of sleeping. The purple worm drops a robe. The Olog-hai drops a long sword. The Olog-hai drops a gold piece. The purple worm drops a long sword. What do you want to use or apply? [ci-mqs-uAJMPUX or ?*] i p - an uncursed scroll of genocide. The Olog-hai picks up a smooth shield. What do you want to read? [p or ?*] ? As you read the scroll, it disappears. What type of monster do you want to genocide? purple worm Wiped out all purple worms. The silver dragon picks up 20 gold pieces. The disenchanter drops a long sword. The Olog-hai drops a smooth shield. The Olog-hai picks up a long sword. The guardian Angel of Thoth picks up a long sword. A trapper suddenly appears! Pick an object. (For instructions type a '?') What do you want to call the silver dragon? Dazzler There is a high altar to Thoth (neutral) here. What do you want to sacrifice? [g or ?*] g You offer the Amulet of Yendor to Thoth... An invisible choir sings, and you are bathed in radiance... The voice of Thoth rings out: "Mortal, thou hast done well!" "In return for thy service, I grant thee the gift of Immortality!" You ascend to the status of Demigod... Do you want your possessions identified? [ynq] (y) y Do you want to see your attributes? [ynq] (y) y Do you want an account of creatures vanquished? [ynaq] (y) y Do you want a list of species genocided and extinct? [ynaq] (y) y Do you want to see your conduct and achievements? [ynq] (y) y Do you want to see the dungeon overview? [ynq] (y) y Inventory: Amulets ('"') I - the blessed Eye of the Aethiopica Q - an uncursed amulet of life saving (being worn) Weapons (')') a - the blessed rustproof +2 Magicbane (alternate weapon; not wielded) d - the blessed rustproof +7 Frost Brand (weapon in hand) f - 17 blessed poisoned rustproof +7 darts named +7 (at the ready) z - 5 blessed +7 silver daggers named +7 Y - 2 blessed fireproof +7 boomerangs named +7 Armor ('[') b - a blessed fireproof +5 cloak of protection (being worn) B - a blessed fireproof +5 pair of water walking boots (being worn) D - a blessed +5 small shield (being worn) G - a blessed fireproof +5 pair of gauntlets of dexterity (being worn) H - a blessed +5 helm of brilliance (being worn) S - a blessed +5 silver dragon scale mail (being worn) T - a blessed +5 Hawaiian shirt with a parrot motif (being worn) Comestibles ('%') o - a blessed cockatrice egg C - an uncursed tripe ration F - an uncursed lizard corpse named Lizard of Oz Wands ('/') j - an uncursed wand of digging (1:11) k - a blessed wand of lightning (0:8) l - an uncursed wand of death (0:4) m - an uncursed wand of teleportation (2:11) A - an uncursed wand of teleportation (1:1) M - an uncursed wand of speed monster (1:11) Rings ('=') e - a blessed +4 ring of increase damage (on left hand) x - an uncursed +4 ring of increase damage (on right hand) Potions ('!') n - a blessed potion of full healing K - an uncursed potion of confusion Tools ('(') c - a blessed skeleton key i - a blessed greased bag of holding containing 136 items q - a blessed magic whistle s - a blessed stethoscope t - a blessed wet towel u - a blessed +0 unicorn horn J - a blessed magic flute (1:10) P - the blessed Platinum Yendorian Express Card U - a blessed oilskin sack named <<< CANCELLATION >>> containing 2 items X - the uncursed Candelabrum of Invocation (7 of 7 candles, lit) Gems/Stones ('*') N - a blessed luckstone Contents of the bag of holding: a blessed amulet of flying an uncursed amulet of guarding an uncursed amulet of life saving a blessed amulet of unchanging 2 blessed rustproof +7 darts named +7 a blessed poisoned rustproof +7 dart named +7 20 blessed poisoned rustproof +7 darts named +7 the uncursed rustproof +8 Grimtooth the blessed rustproof +1 Sunsword an uncursed +0 pair of jumping boots an uncursed fireproof +0 pair of speed boots an uncursed +2 mummy wrapping named +2 a cursed -2 mummy wrapping a blessed fireproof +5 robe 2 uncursed pineapples an uncursed carrot 3 blessed eucalyptus leaves an uncursed fortune cookie 3 uncursed K-rations 2 uncursed lembas wafers 2 uncursed lumps of royal jelly an uncursed pancake 2 uncursed tripe rations a blessed tin of candied chameleon meat a blessed egg named chook 2 uncursed eggs named chook a blessed scroll of blank paper a blessed scroll of charging 2 cursed scrolls of confuse monster 4 uncursed scrolls of create monster a cursed scroll of create monster 3 blessed scrolls of gold detection 2 blessed scrolls of light 2 blessed scrolls of stinking cloud 6 blessed scrolls of taming 2 cursed scrolls of teleportation an uncursed wand of cold (0:7) an uncursed wand of cold (0:7) an uncursed wand of cold (0:5) an uncursed wand of cold (0:4) an uncursed wand of create monster (0:15) an uncursed wand of create monster (0:14) an uncursed wand of create monster (0:14) an uncursed wand of create monster (0:13) an uncursed wand of death (0:7) an uncursed wand of death (0:6) an uncursed wand of death (0:5) a blessed wand of digging (0:5) an uncursed wand of digging (0:13) an uncursed wand of digging (0:8) an uncursed wand of fire (0:8) an uncursed wand of light (0:12) an uncursed wand of lightning (0:1) an uncursed wand of lightning (0:7) an uncursed wand of locking (0:3) an uncursed wand of magic missile (0:6) an uncursed wand of polymorph (0:6) an uncursed wand of polymorph named 1 (1:3) an uncursed wand of probing (0:8) an uncursed wand of probing (0:5) an uncursed wand of secret door detection (0:11) an uncursed wand of sleep (0:7) an uncursed wand of sleep (0:6) an uncursed wand of sleep (0:4) an uncursed wand of sleep (0:4) an uncursed wand of sleep (0:4) an uncursed wand of slow monster (2:5) an uncursed wand of slow monster (0:5) an uncursed wand of striking (0:8) an uncursed wand of teleportation (1:9) an uncursed wand of teleportation (0:7) an uncursed wand of teleportation (0:7) an uncursed wand of teleportation (0:5) an uncursed wand of teleportation (0:4) an uncursed wand of teleportation (1:1) a blessed wand of undead turning (3:6) an uncursed wand of undead turning (1:14) an uncursed wand of wishing (1:1) an uncursed wand of wishing (0:1) a blessed +1 ring of adornment an uncursed ring of conflict named nc an uncursed ring of free action a blessed +3 ring of gain constitution a blessed ring of hunger an uncursed ring of invisibility an uncursed ring of levitation a blessed ring of polymorph an uncursed ring of polymorph an uncursed ring of polymorph a blessed +3 ring of protection an uncursed ring of protection from shape changers a blessed ring of regeneration an uncursed ring of searching a blessed ring of shock resistance an uncursed ring of slow digestion an uncursed ring of teleport control 2 blessed potions of acid 2 blessed potions of full healing an uncursed potion of healing an uncursed potion of oil an uncursed potion of speed a cursed potion of speed 5 potions of holy water an uncursed potion of water an empty uncursed greased sack an uncursed magic marker (1:25) an uncursed oil lamp named used 7 uncursed wax candles 34 uncursed agate stones 18 uncursed amber stones 2 uncursed amethyst stones 22 uncursed amethyst stones 18 uncursed aquamarine stones 2 uncursed black opals 29 uncursed black opals 15 uncursed chrysoberyl stones 37 uncursed citrine stones 33 uncursed diamonds 7 uncursed dilithium crystals 41 uncursed emeralds 19 uncursed fluorite stones 18 uncursed garnet stones 24 uncursed jacinth stones 14 uncursed jade stones 11 uncursed jasper stones an uncursed jet stone 27 uncursed jet stones 27 uncursed obsidian stones 33 uncursed opals an uncursed ruby 27 uncursed rubies an uncursed sapphire 33 uncursed sapphires 27 uncursed topaz stones 17 uncursed turquoise stones an uncursed luckstone Contents of the oilskin sack named <<< CANCELLATION >>>: an uncursed scroll of scare monster an uncursed wand of cancellation (1:15) Grasshopper the Wizard's attributes: Background: You were a Mage, a level 30 male human Wizard. You were neutral, on a mission for Thoth who was opposed by Ptah (lawful) and Anhur (chaotic). You were in the endgame, on the Astral Plane. You entered the dungeon 70174 turns ago. It was nighttime. You had 107598198 experience points. Your score was 1543900 before end-of-game adjustments. Basics: You had all 439 hit points. You had 492 out of 506 energy points (spell power). Your armor class was -50. Your wallet was empty. Autopickup was on for '"?+/=!*' plus thrown, with exceptions. Final Characteristics: Your strength was 18/100 (limit:18/100). Your dexterity was 23 (base:18, innate limit:18). Your constitution was 18 (limit:18). Your intelligence was 23 (base:18, innate limit:18). Your wisdom was 23 (base:18, innate limit:18). Your charisma was 18 (limit:18). Final Status: You were satiated. You were unencumbered. You were wielding a long sword. You had basic skill with long sword. Final Attributes: You were the Envoy of Balance. You were piously aligned. You were magic-protected. You were fire resistant. You were cold resistant. Your items were protected from cold. You were sleep resistant. You were disintegration resistant. You were shock resistant. You were poison resistant. You saw invisible. You were telepathic. You were warned. You were clairvoyant. You were sensing the presence of monsters. You could teleport. You had teleport control. You could walk on water. You could survive without air. You had a large damage bonus (+11). You had a moderate defense bonus (+9). You were protected. You took half spell damage. You were protected from shape changers. You had polymorph control. You were very fast. You had reflection. Your life would have been saved. You were extremely lucky. You had extra luck. Good luck did not time out for you. You survived. Miscellaneous: You encountered 2 bones levels. Total elapsed playing time was 2 days, 16 hours, 19 minutes and 53 seconds. Major events: Turn 1: Grasshopper the neutral male human Wizard entered the dungeon 1038: attained the rank of Conjurer (level 3) 1309: entered the Gnomish Mines 2346: attained the rank of Thaumaturge (level 6) 2402: destroyed xororand's ghost, the former Acolyte 3996: was bestowed with Magicbane by Thoth 8388: entered Sokoban 8727: completed 1st Sokoban level 9305: attained the rank of Magician (level 10) 11048: completed 2nd Sokoban level 11537: completed 3rd Sokoban level 12911: completed 4th Sokoban level 13325: acquired the Sokoban amulet of reflection 22147: acquired the Mines' End luckstone 23021: was bestowed with Trollsbane by Thoth 25842: found Frost Brand on the floor 33078: attained the rank of Enchanter (level 14) 37823: killed Medusa 38979: made his first wish - "blessed greased fireproof bag of holding", got "a greased bag" 43534: wished for "blessed fixed platinum yendorian express card", got "a credit card named the Platinum Yendorian Express Card" 43739: killed the Dark One 43739: found the Eye of the Aethiopica carried by a monster 43740: acquired the Bell of Opening 44930: attained the rank of Sorcerer (level 18) 45069: reached Mine Town 46539: killed Croesus 46640: wished for "uncursed magic marker", got "a magic marker" 48174: became Thoth's Envoy of Balance 48174: was bestowed with spellbook of finger of death 50928: entered Gehennom 52455: wished for "blessed fireproof +5 boots of water walking", got "a pair of hiking boots" 57587: read a Discworld novel 60152: attained the rank of Necromancer (level 22) 61194: performed his first genocide (class m) 61689: killed the invisible Asmodeus 62211: killed Baalzebub 62319: killed Juiblex 62945: killed the invisible Orcus 62999: killed Yeenoghu 63012: destroyed Nunnullus' ghost, the former Enchanter 63013: found the Master Key of Thievery on the floor 63102: genocided class L 65168: destroyed Vlad the Impaler 65170: acquired the Candelabrum of Invocation 66764: killed the Wizard of Yendor 66767: acquired the Book of the Dead 66865: performed the invocation 66872: killed the Wizard of Yendor (2nd time) 67090: killed the high priest of Moloch 67093: acquired The Amulet of Yendor 67130: attained the rank of Wizard (level 26) 67231: killed the Wizard of Yendor (3rd time) 67937: killed the Wizard of Yendor (5th time) 68728: wished for "3 blessed potions of enlightenment", got "3 potions of enlightenment" 68744: attained the rank of Mage (level 30) 69772: entered the Elemental Planes 69772: entered Plane of Earth 69827: entered Plane of Air 69907: entered Plane of Fire 69973: entered Plane of Water 69981: genocided class ; 69981: genocided class S 70049: entered the Astral Plane 70089: killed Pestilence 70098: found Grimtooth carried by a monster 70102: killed Pestilence (2nd time) 70107: found Sunsword on the floor 70143: killed Pestilence (3rd time) 70155: killed the invisible Death 70167: killed the invisible Death (2nd time) 70173: genocided purple worms 70174: ascended Vanquished creatures: Asmodeus Baalzebub Orcus Yeenoghu Juiblex the Wizard of Yendor (8 times) Death (twice) Pestilence (thrice) Vlad the Impaler 2 arch-liches a high cleric 2 mastodons Medusa Croesus 12 krakens an Archon 10 iron golems a master lich 9 storm giants 2 titans 6 glass golems 2 balrogs 21 purple worms 5 gray dragons 5 gold dragons 7 silver dragons 5 red dragons 4 white dragons 3 orange dragons 5 black dragons 4 blue dragons 5 green dragons 4 yellow dragons 23 minotaurs 4 jabberwocks the Dark One 13 baluchitheria 34 Angels 10 demiliches 5 stone golems 4 master mind flayers 10 Olog-hai 6 Nazgul 5 pit fiends a sandestin 3 hell hounds 4 displacer beasts 5 titanotheres 5 trappers a baby gray dragon 2 guardian nagas a genetic engineer 3 disenchanters 41 vampire leaders 2 skeletons a shopkeeper 42 aligned clerics 4 captains 7 liches 7 water trolls 5 clay golems 17 nurses 5 ice devils 5 nalfeshnees 5 lurkers above an Aleax 12 frost giants 3 ettins 2 golden nagas 22 black puddings 21 vampires 12 lieutenants a watch captain 37 ghosts a cleric a rogue a samurai 4 queen bees 5 winged gargoyles 2 mind flayers 4 giant mimics 12 long worms 7 zruties 8 fire giants 9 ogre tyrants 6 ice trolls 9 rock trolls 10 umber hulks 29 flesh golems 6 elven monarchs 3 doppelgangers 3 hezrous 9 bone devils 6 large mimics 3 wumpuses 8 fire vortices 7 couatls 20 stalkers 10 air elementals 13 fire elementals 5 earth elementals 4 water elementals 17 hill giants 6 giant mummies 3 black nagas 14 xorns 22 giant zombies 19 elf-nobles 33 sergeants 9 barbed devils 18 vrocks 3 salamanders 19 wargs 4 winter wolves 3 hell hound pups 5 small mimics 3 glass piercers 4 warhorses 9 steam vortices 16 xans 8 ettin mummies 8 ogre leaders 14 quantum mechanics 20 trolls a sasquatch 5 wood golems 2 erinyes 6 mariliths 3 djinn 8 sharks 8 electric eels 10 gelatinous cubes 4 pyrolisks 3 large dogs 10 freezing spheres 11 flaming spheres 13 shocking spheres 5 large cats 6 tigers 9 gargoyles 6 dwarf rulers 22 tengu 5 ochre jellies 15 leocrottas 7 energy vortices 5 mountain centaurs 8 stone giants 7 elf mummies 6 human mummies 7 red nagas 2 green slimes 7 pythons 5 pit vipers 7 cobras 51 wraiths 5 carnivorous apes 15 ettin zombies 8 leather golems 9 Grey-elves 120 soldiers 4 watchmen 11 amorous demons 8 horned devils 9 chameleons 2 crocodiles 14 giant beetles 11 quivering blobs 24 cockatrices 17 wolves 23 winter wolf cubs 8 lynxes 5 panthers 16 gremlins 3 spotted jellies 14 leprechauns 7 orc-captains 6 iron piercers 3 mumakil 11 giant spiders 11 scorpions 7 horses 9 ice vortices 6 black lights 68 vampire bats 7 forest centaurs 9 gnome rulers 3 orc mummies 5 dwarf mummies 12 ogres 5 brown puddings 11 rust monsters 25 owlbears 5 yetis 4 gold golems 6 werewolves 15 Green-elves 6 piranha 26 giant eels 28 lizards 6 chickatrices 5 dingoes 2 dogs 3 housecats 10 jaguars 7 dwarf leaders 10 blue jellies 4 white unicorns 4 gray unicorns 6 black unicorns 12 dust vortices 20 ravens 5 plains centaurs 6 gnome mummies 10 snakes 7 apes 21 human zombies 6 rope golems 32 Woodland-elves 11 soldier ants 15 fire ants 10 bugbears 8 imps 3 lemures 14 quasits 5 wood nymphs 2 water nymphs 15 mountain nymphs 16 Mordor orcs 51 Uruk-hai 5 orc shamans 12 rock piercers 6 rock moles 3 ponies 10 fog clouds 17 yellow lights 3 shriekers 8 violet fungi 26 gnome leaders 10 gnomish wizards 9 kobold mummies 12 gray oozes 10 barrow wights 19 elf zombies 16 ghouls 8 straw golems 7 paper golems 9 jellyfish 35 giant ants 4 little dogs 13 floating eyes 2 kittens 26 dwarves 11 homunculi 7 kobold leaders 6 kobold shamans 78 hill orcs 20 rothes 5 rabid rats a centipede 9 giant bats 9 monkeys 10 orc zombies 23 dwarf zombies 2 werejackals 12 iguanas 73 killer bees 11 acid blobs 4 coyotes 2 gas spores 7 hobbits 24 manes 4 large kobolds 9 hobgoblins 5 giant rats 3 cave spiders 2 brown molds 6 yellow molds a green mold a red mold 64 gnomes 2 garter snakes 19 gnome zombies 11 geckos 7 jackals 2 foxes a kobold 6 goblins 3 sewer rats 10 grid bugs 14 bats 14 lichens 7 kobold zombies 10 newts 2987 creatures vanquished. Genocided or extinct species: arch-liches krakens master liches purple worms demiliches liches giant mimics large mimics small mimics erinyes (extinct) sharks electric eels pythons pit vipers cobras soldiers (extinct) piranha giant eels snakes water moccasins jellyfish garter snakes 20 species genocided. 2 species extinct. Voluntary challenges: You read items or engraved 244 times. You never engraved Elbereth. You genocided 20 types of monsters. You used 5 wishes (2 for artifacts). You did not violate any of the special Sokoban rules. Achievements: You attained the rank of Conjurer. You entered the Gnomish Mines. You attained the rank of Thaumaturge. You entered a temple. You entered a shop. You entered Sokoban. You attained the rank of Magician. You completed Sokoban. You completed the Gnomish Mines. You attained the rank of Enchanter. You defeated Medusa. You handled the Bell of Opening. You attained the rank of Sorcerer. You entered Minetown. You entered Gehennom. You read from a Discworld novel. You attained the rank of Necromancer. You had the Candelabrum of Invocation. You handled the Book of the Dead. You gained access to Moloch's Sanctum. You attained the rank of Wizard. You attained the rank of Mage. You reached the Elemental Planes. You reached the Astral Plane. You delivered the Amulet of Yendor. You ascended! The Elemental Planes: Astral Plane: <- You are here. Some temples. Plane of Water: Plane of Fire: Plane of Air: Plane of Earth: The Dungeons of Doom: levels 1 to 29 Level 1: A fountain. One way stairs up to The Elemental Planes. Level 2: An armor shop, some fountains. Level 3: Level 4: A sink. Stairs down to The Gnomish Mines. Level 5: Level 6: Level 7: A fountain. Level 8: Level 9: "Oracle" Many fountains. Oracle of Delphi. Level 10: An altar to Thoth, a fountain. Stairs up to Sokoban, level 9. Level 11: Level 12: A fountain. Level 13: A temple to Thoth, a fountain. Level 14: "OLD LAIR" An altar to Thoth. Level 15: A fountain. Level 16: A primitive area. Portal to The Quest. Level 17: "lp -s" A temple, a fountain. Level 18: "lp -s" A temple to Thoth. Level 19: "lp" A fountain. Level 20: "c" An altar, a fountain. Level 21: Level 22: Level 23: "lp" A fountain. Portal to Fort Ludios. Level 24: "NEW LAIR" An altar to Thoth. Level 25: "lp" Level 26: Level 27: Level 28: Level 29: "stuff under rock near stairs" A fountain. The castle. Gehennom: levels 30 to 51 Level 30: "$$ stash at temple" A temple, many graves. Valley of the Dead. Level 31: "c" Level 32: "Asmo" Level 33: Level 34: Level 35: "Baalz" Level 36: "Jubes" A fountain. Level 37: Level 38: Level 39: Stairs up to Vlad's Tower, level 38. Level 40: Level 41: Some shops, an altar, some graves. Final resting place for Nunnullus-Wiz-Hum-Mal-Cha, killed by a marilith, while paralyzed by Yeenoghu. Level 42: Level 43: Level 44: "Rodney" Level 45: Level 46: "wiz bottom" Level 47: Level 48: Level 49: "wiz portal" Level 50: "VS c" Level 51: A temple, many graves. Moloch's Sanctum. The Gnomish Mines: levels 5 to 12 Level 5: Level 6: Level 7: "MT -s" Many shops, a temple to Thoth, some fountains, a sink, a grave. Final resting place for xororand-Pri-Hum-Mal-Neu, killed by a gnome lord, while sleeping. Level 8: Level 9: Level 10: Level 11: Level 12: "poly" The Quest: levels 1 to 5 Level 1: "poly" Completed quest for Neferet the Green. Level 2: Level 3: Level 4: Level 5: A temple to Thoth. Sokoban: levels 9 up to 6 Level 6: Solved. Level 7: Solved. Level 8: Solved. Level 9: "stash" Solved. Fort Ludios: Level 1: Fort Ludios. Vlad's Tower: levels 38 up to 36 Level 36: Level 37: Level 38: Goodbye Grasshopper the Demigod... You and the invisible K2 and Allie and the invisible Dave and Dazzler went to your reward with 4047210 points, Magicbane (worth 3500 zorkmids and 8750 points) Frost Brand (worth 3000 zorkmids and 7500 points) Sunsword (worth 1500 zorkmids and 3750 points) Grimtooth (worth 300 zorkmids and 750 points) The Eye of the Aethiopica (worth 4000 zorkmids and 10000 points) The Platinum Yendorian Express Card (worth 7000 zorkmids and 17500 points) The Candelabrum of Invocation (worth 5000 zorkmids and 12500 points) 41 emeralds (worth 102500 zorkmids), 37 citrine stones (worth 55500 zorkmids), 34 sapphires (worth 102000 zorkmids), 34 agate stones (worth 6800 zorkmids), 33 diamonds (worth 132000 zorkmids), 33 opals (worth 26400 zorkmids), 31 black opals (worth 77500 zorkmids), 28 rubies (worth 98000 zorkmids), 28 jet stones (worth 23800 zorkmids), 27 topaz stones (worth 24300 zorkmids), 27 obsidian stones (worth 5400 zorkmids), 24 jacinth stones (worth 78000 zorkmids), 24 amethyst stones (worth 14400 zorkmids), 19 fluorite stones (worth 7600 zorkmids), 18 aquamarine stones (worth 27000 zorkmids), 18 amber stones (worth 18000 zorkmids), 18 garnet stones (worth 12600 zorkmids), 17 turquoise stones (worth 34000 zorkmids), 15 chrysoberyl stones (worth 10500 zorkmids), 14 jade stones (worth 4200 zorkmids), 11 jasper stones (worth 5500 zorkmids), 7 dilithium crystals (worth 31500 zorkmids), 2 amulets of life saving (worth 300 zorkmids), 1 amulet of unchanging (worth 150 zorkmids), 1 amulet of guarding (worth 150 zorkmids), 1 amulet of flying (worth 150 zorkmids), and 0 pieces of gold, after 70174 moves. You were level 30 with a maximum of 439 hit points when you ascended.